 Dungeon Crawl Stone Soup version 0.17-a0-1651-gae1a69f (webtiles) character file.

348 matakusis the Ducker (level 6, 0/47 HPs)
             Began as a Demonspawn Gladiator on Aug 14, 2015.
             Was an Elder of Cheibriados.
             Slain by an iguana (2 damage)
             ... on level 4 of the Dungeon.
             The game lasted 00:13:10 (3239 turns).

matakusis the Ducker (Demonspawn Gladiator)         Turns: 3239, Time: 00:13:11

Health: 0/47       AC: 13    Str: 26    XL:     6   Next: 33%
Magic:  6/6        EV: 14    Int: 18    God:    Cheibriados [****..]
Gold:   151        SH:  5    Dex: 23    Spells: 0 memorised, 5 levels left

rFire  + . .     SeeInvis .     o - +0 hand axe (chop)
rCold  + . .     Clarity  .     D - +4 ring mail
rNeg   . . .     SustAt   .     w - +0 buckler
rPois  +         Gourm    .     (helmet restricted)
rElec  .         Spirit   .     (no cloak)
rCorr  .         Warding  .     (no gloves)
rMut   .         Stasis   .     (no boots)
MR     .....                    i - amulet of faith
Stlth  +.........               s - ring of protection from fire
                                v - ring of flight

@: very slow, not resistant to hostile enchantments, very unstealthy
A: antennae 1, slimy green scales 3, cold resistance 1
a: Bend Time, Temporal Distortion, Slouch, Renounce Religion, Evoke Flight


You were on level 4 of the Dungeon.
You worshipped Cheibriados.
Cheibriados was greatly pleased with you.
You were hungry.

You visited 1 branch of the dungeon, and saw 4 of its levels.

You collected 151 gold pieces.

Inventory:

Hand weapons
 a - a +0 war axe
 o - a +0 hand axe of chopping (weapon)
Missiles
 d - 3 throwing nets (quivered)
Armour
 w - a +0 buckler (worn)
 D - a +4 ring mail (worn)
Jewellery
 g - an uncursed ring of fire
 i - an amulet of faith (around neck)
 k - an uncursed ring of teleportation
 n - an uncursed ring of wizardry
 s - a ring of protection from fire (right hand)
 v - a ring of flight (left hand)
Scrolls
 h - 3 scrolls of identify
 j - 2 scrolls of amnesia
 p - 2 scrolls of remove curse
 r - a scroll of enchant weapon {unknown}
 u - a scroll of teleportation
 y - a scroll of enchant armour
 A - a scroll of random uselessness {unknown}
Potions
 c - 2 potions of poison {unknown}
 q - a potion of heal wounds {unknown}
 t - a potion of cancellation {unknown}
 z - 3 potions of cure mutation {unknown}
 B - a potion of ambrosia {unknown}
Comestibles
 b - 2 chunks of flesh
 e - 3 bread rations
 f - 3 fruits
 l - a slice of pizza
 x - a beef jerky


   Skills:
 + Level 3.1 Fighting
 + Level 3.9 Axes
 + Level 1.8 Throwing
 + Level 2.3 Armour
 + Level 4.5 Dodging
 + Level 0.3 Shields


You had 5 spell levels left.
You didn't know any spells.

Dungeon Overview and Level Annotations

Branches:
Dungeon (4/15)
 Temple: D:4-7

Altars:
Cheibriados


Innate Abilities, Weirdness & Mutations

You have a pair of small antennae on your head.
You are completely covered in slimy green scales (AC +4, rPois).
Your flesh is cold resistant.


Message History

The orc priest invokes the aid of Beogh against you.
Something smites you!
* * * LOW HITPOINT WARNING * * *
The orc priest casts a cantrip, but nothing happens.
The iguana bites you but does no damage.
You hit the iguana.
The iguana is moderately wounded.
The iguana closely misses you.
The iguana hisses menacingly.
The iguana closely misses you.
You hit the iguana.
The iguana is heavily wounded.
The orc hits you but does no damage. You block the iguana's attack.
You barely miss the iguana.
The iguana is heavily wounded.
The orc priest invokes the aid of Beogh against you.
Something smites you!
* * * LOW HITPOINT WARNING * * *
The orc completely misses you. The iguana bites you.
You die...

#......#
#.######
#.#######
#........
#..#.####
#..#...
#..#.#.#
#ool.# #
##.#@#
#)###
#..o..#
#........
#.....##...
#.....# ..
#.....#
#######


You could see an iguana, an orc priest and an orc.

Vanquished Creatures
  3 orc priests
  2 hounds (D:4)
  An orc wizard (D:4)
  Robin (D:3)
  4 gnolls (D:3)
  4 adders
  An ooze (D:2)
  A worm (D:2)
  2 giant geckos
  8 orcs
  3 ball pythons
  6 giant cockroaches
  11 goblins
  9 hobgoblins
  10 jackals
  2 quokkas
  14 bats
  A giant newt (D:3)
  7 kobolds
  8 rats
98 creatures vanquished.

Notes
Turn   | Place    | Note
--------------------------------------------------------------
     0 | D:1      | matakusis the Demonspawn Gladiator began the quest for the Orb.
     0 | D:1      | Reached XP level 1. HP: 16/16 MP: 1/1
   643 | D:1      | Gained mutation: You are partially covered in slimy green scales (AC +2). [demonic ancestry]
   643 | D:1      | Reached XP level 2. HP: 19/22 MP: 2/2
   753 | D:1      | Reached skill level 3 in Axes
  1163 | D:2      | Gained mutation: You have a pair of small antennae on your head. [demonic ancestry]
  1163 | D:2      | Reached XP level 3. HP: 19/28 MP: 3/3
  1391 | D:2      | Found a faded altar to an unknown god.
  1405 | D:2      | Became a worshipper of Cheibriados the Contemplative
  1405 | D:2      | Acquired Cheibriados's first power
  1429 | D:2      | Gained mutation: You are mostly covered in slimy green scales (AC +3). [demonic ancestry]
  1429 | D:2      | Reached XP level 4. HP: 21/34 MP: 4/4
  2261 | D:3      | Noticed Robin
  2272 | D:3      | Killed Robin
  2277 | D:3      | Reached skill level 1 in Armour
  2307 | D:3      | Reached skill level 4 in Dodging
  2307 | D:3      | Gained mutation: Your flesh is cold resistant. [demonic ancestry]
  2307 | D:3      | Reached XP level 5. HP: 8/39 MP: 5/5
  2464 | D:3      | Acquired Cheibriados's second power
  3162 | D:3      | Acquired Cheibriados's third power
  3184 | D:4      | Gained mutation: You are completely covered in slimy green scales (AC +4, rPois). [demonic ancestry]
  3184 | D:4      | Reached XP level 6. HP: 37/46 MP: 6/6
  3239 | D:4      | HP: 2/47 [orc priest/divine providence (8)]
  3239 | D:4      | Slain by an iguana

Vault maps used:
D:1:      dpeg_chamrin_arrival_tetris
D:2:      ecumenical_altar_1
D:3:      first_bread, uniq_robin
D:4:      uniq_blork_the_orc, uniq_duvessa, uniq_menkaure, uniq_natasha

Action                   |  1- 3 |  4- 6 || total
-------------------------+-------+-------++-------
Melee: War axe           |    92 |       ||    92
       Hand axe          |    48 |   186 ||   234
  Use: Scroll            |     6 |     1 ||     7
       Potion            |       |     1 ||     1
 Stab: Sleeping          |     2 |       ||     2
  Eat: Chunk             |     1 |     3 ||     4
